 Dungeon Crawl Stone Soup version 0.28.0-53-g5a82cb258f (webtiles) character file.

Game seed: 4872619026683971804

5782 concernfroge the Nimble (level 10, -6/60 HPs)
             Began as a Deep Elf Conjurer on June 25, 2022.
             Was a Believer of Vehumet.
             Shot with an arrow by a centaur warrior (14 damage)
             ... on level 12 of the Dungeon.
             The game lasted 01:21:16 (10928 turns).

concernfroge the Nimble (Deep Elf Conjurer)        Turns: 10928, Time: 01:21:16

Health: -6/60      AC:  9    Str:  6      XL:     10   Next: 50%
Magic:  3/21       EV: 19    Int: 36      God:    Vehumet [**....]
Gold:   595        SH:  0    Dex: 12 (13) Spells: 9/23 levels left

rFire   . . .      SeeInvis .   n - +9 falchion "Losadaaz" {speed, Int+8}
rCold   . . .      Faith    .   (no shield)
rNeg    . . .      Spirit   .   r - +0 steam dragon scales
rPois   .          Reflect  .   (no helmet)
rElec   .          Harm     .   o - +2 cloak
rCorr   .          Rampage  .   q - +0 pair of gloves
Will    +....                   (no boots)
Stlth   ++........              g - amulet of the acrobat
HPRegen 0.20/turn               p - ring of wizardry
MPRegen 0.17/turn               k - +4 ring of evasion

@: about to teleport
A: deterioration 1, low MP 1, strong 1, subdued magic 1
a: Renounce Religion


You were on level 12 of the Dungeon.
You worshipped Vehumet.
Vehumet was pleased with you.
You visited 1 branch of the dungeon, and saw 12 of its levels.
You also visited: Sewer.

You collected 595 gold pieces.

Inventory:

Hand Weapons
 n - the +9 falchion "Losadaaz" (weapon) {speed, Int+8}
   (You found it in a sewer)

   Attacks with this weapon are significantly faster.
   Int:       It affects your intelligence (+8).
Armour
 o - a +2 cloak (worn)
 q - a +0 pair of gloves (worn)
 r - +0 steam dragon scales (worn)
Jewellery
 f - a +6 ring of intelligence
 g - an amulet of the acrobat (around neck)
 h - a ring of protection from cold
 i - a ring of see invisible
 k - a +4 ring of evasion (right hand)
 p - a ring of wizardry (left hand)
 t - an amulet of guardian spirit
Wands
 a - a wand of polymorph (7)
 l - a wand of flame (17) (quivered)
 w - a wand of mindburst (6)
Scrolls
 b - 2 scrolls of enchant weapon
 x - 3 scrolls of blinking
 y - a scroll of holy word
Potions
 c - 3 potions of might
 e - 5 potions of curing
 j - a potion of ambrosia
 m - 6 potions of flight


   Skills:
 + Level 6.0 Fighting
 + Level 9.2 Dodging
 - Level 2.4 Stealth
 - Level 7.4 Spellcasting
 - Level 7.2 Conjurations
 - Level 5.5 Hexes
 - Level 3.5 Translocations
 + Level 8.0 Evocations


You had 9 spell levels left.
You knew the following spells:

 Your Spells              Type           Power      Damage    Failure   Level
a - Magic Dart            Conj           100%       1d8       1%          1
b - Searing Ray           Conj           100%       2d8       1%          2
c - Dazzling Flash        Conj/Hex       90%        N/A       1%          3
d - Fulminant Prism       Conj/Hex       22%        3d13      1%          4
e - Iskenderun's Mystic   Conj/Tloc      40%        2d9       1%          4

Your spell library contained the following spells:

 Spells                   Type           Power      Damage    Failure   Level
 Shock                    Conj/Air       100%       1d9       1%          1
 Animate Skeleton         Necr           20%        N/A       1%          1
 Pain                     Necr           40%        1d6       1%          1
 Ensorcelled Hibernation  Hex/Ice        50%        N/A       1%          2
 Passwall                 Tmut/Erth      8%         N/A       1%          2
 Swiftness                Air            10%        N/A       2%          3
 Vampiric Draining        Necr           10%        2d6       2%          3


Dungeon Overview and Level Annotations

Branches:
Dungeon (12/15)            Temple (0/1) D:7             Orc (0/2) D:10
  Sewer (visited)
   Lair: D:8-11

Altars:
Vehumet

Shops:
D:6 ?

Annotations:
D:3 2 runed translucent doors, drinkteas's ghost, amateur DrAK
D:5 1 runed translucent door, buhh's ghost, novice OpTm
D:7 Harold


Innate Abilities, Weirdness & Mutations

Your body sometimes deteriorates upon taking damage.
Your magical capacity is low. (-10% MP)
Your muscles are strong. (Str +2)
Your spells are a little easier to cast, but a little less powerful.


Message History

The magic dart hits the orc!
You kill the orc!
Vehumet accepts your kill.
You start resting.
An orc comes into view. It is wielding a +0 club.
Casting: Magic Dart (safe; 1% risk of failure)
Confirm with . or Enter, or press ? or * to list all spells.
Aiming: Magic Dart (safe; 1% risk of failure)
Press: ? - help, Shift-Dir - straight line, f - orc
Aim: an orc, wielding a +0 club and wearing a +0 leather armour (wandering, hasn't noticed you, 100% to hit)
The magic dart hits the orc.
The orc is almost dead.
The orc shouts!
Casting: Magic Dart (safe; 1% risk of failure)
Confirm with . or Enter, or press ? or * to list all spells.
Aiming: Magic Dart (safe; 1% risk of failure)
Press: ? - help, Shift-Dir - straight line, f/p - orc
Aim: an orc, wielding a +0 club and wearing a +0 leather armour (almost dead, 100% to hit)
The magic dart hits the orc.
You kill the orc!
Vehumet accepts your kill.
You start resting.
A skeletal warrior is nearby!
There is an empty arch of ancient stone here.
There is a stone staircase leading down here.
Okay, then.
You climb downwards.
The orc knight hits you with a +1 battleaxe!
Your body deteriorates!
You feel clumsy.
There is a stone staircase leading up, spattered with blood here.
Okay, then.
As you read the scroll of teleportation, it crumbles to dust.
You feel strangely unstable.
The centaur warrior wields a +0 longbow.
The centaur warrior shoots an arrow.
The arrow hits you!! The orc knight misses you.
The centaur warrior shoots an arrow.
The arrow hits you!!
* * * LOW HITPOINT WARNING * * *
The centaur warrior shoots an arrow.
The arrow hits you!
You die...

##### ##### #
.... .... #
#.#...#...#.#
#...#...#...#
###.#####.###
.#..?#o@.#...#.
....y.O<.cc....
.#[..#.<.#c..##
###.#####.###
#...#...#...#
#.#...#[..#.# #
.... .... #
##### #####


You could see an orc knight, 3 centaur warriors, an ogre mage and a meliai.

Vanquished Creatures
  A two-headed ogre (D:11)
  A manticore (D:9)
  An unseen horror (D:10)
  Maggie (D:6)
  2 trolls
  Prince Ribbit (D:9)
  2 shadows
  3 wraiths
  3 wyverns
  A steam dragon (D:8)
  An acid dragon (D:11)
  A water moccasin (D:6)
  An ice beast (D:5)
  2 orc warriors (D:10)
  2 ogres
  3 kobold brigands
  A gnoll sergeant (D:8)
  3 scorpions
  A wyvern zombie (D:7)
  A bullfrog (D:7)
  A water moccasin zombie (D:5)
  A howler monkey (D:10)
  5 wights
  2 centaur zombies (D:10)
  2 jellies
  5 orc priests
  2 hounds
  2 bullfrog skeletons
  2 iguanas
  4 orc wizards
  A merfolk siren (Sewer)
  A merfolk avatar (Sewer)
  10 gnolls
  7 adders
  2 river rats (Sewer)
  2 white imps
  2 worms
  3 dart slugs
  23 orcs
  9 endoplasms
  10 giant cockroaches
  8 goblins
  9 hobgoblins
  12 kobolds
  7 quokkas
  6 ball pythons
  4 bats
  15 frilled lizards
  23 rats
212 creatures vanquished.

Vanquished Creatures (others)
  55 fulminant prisms
  30 fungi (D:9)
  14 plants (D:9)
99 creatures vanquished.

Grand Total: 311 creatures vanquished

Notes
Turn   | Place    | Note
-------+----------+-------------------------------------------
     0 | D:1      | concernfroge the Deep Elf Conjurer began the quest for the
                  | Orb.
     0 | D:1      | Reached XP level 1. HP: 10/10 MP: 6/6
   153 | D:1      | Reached XP level 2. HP: 15/15 MP: 5/8
   156 | D:1      | Learned a level 2 spell: Searing Ray
   604 | D:1      | Reached skill level 5 in Conjurations
   625 | D:1      | Reached XP level 3. HP: 19/19 MP: 7/10
   629 | D:1      | Learned a level 3 spell: Dazzling Flash
   675 | D:1      | Found a faded altar of an unknown god.
  1528 | D:2      | Reached XP level 4. HP: 24/24 MP: 10/12
  1534 | D:2      | Learned a level 4 spell: Fulminant Prism
  1887 | D:3      | Found a runed translucent door.
  1890 | D:3      | Noticed drinkteas's ghost (amateur DrAK)
  2062 | D:3      | Reached skill level 1 in Hexes
  2625 | D:3      | Reached skill level 5 in Spellcasting
  2836 | D:3      | Found a runed translucent door.
  2959 | D:4      | Reached XP level 5. HP: 28/28 MP: 6/14
  2964 | D:4      | Learned a level 4 spell: Iskenderun's Mystic Blast
  3438 | D:4      | Found a glowing drain.
  3445 | Sewer    | Entered a sewer
  3933 | Sewer    | Reached XP level 6. HP: 32/32 MP: 14/16
  4152 | Sewer    | Identified the +9 falchion "Losadaaz" {speed, Int+8}
  4380 | D:5      | Entered Level 5 of the Dungeon
  4380 | D:5      | Found a runed translucent door.
  4381 | D:5      | Noticed buhh's ghost (novice OpTm)
  4391 | D:5      | Reached skill level 1 in Translocations
  4438 | D:5      | Noticed an ice beast
  4444 | D:5      | Killed an ice beast
  4688 | D:5      | Gained mutation: Your body sometimes deteriorates upon
                  | taking damage. [potion of mutation]
  4688 | D:5      | Gained mutation: Your spells are a little easier to cast,
                  | but a little less powerful. [potion of mutation]
  4688 | D:5      | Gained mutation: Your magical capacity is low. (-10% MP)
                  | [potion of mutation]
  4688 | D:5      | Gained mutation: Your muscles are strong. (Str +2) [potion
                  | of mutation]
  4741 | D:5      | Reached XP level 7. HP: 36/36 MP: 8/17
  5653 | D:5      | Reached skill level 5 in Hexes
  5917 | D:6      | Noticed Maggie
  6035 | D:6      | Found a radiant altar of Vehumet.
  6043 | D:6      | Reached XP level 8. HP: 41/41 MP: 13/19
  6082 | D:6      | Reached skill level 1 in Evocations
  6116 | D:6      | Became a worshipper of Vehumet
  6207 | D:6      | Killed Maggie
  6208 | D:6      | Reached skill level 1 in Fighting
  6208 | D:6      | Reached skill level 3 in Dodging
  6531 | D:6      | Reached skill level 4 in Dodging
  6695 | D:6      | Found Igunouc's Magic Scroll Shop.
  7166 | D:7      | Noticed Harold
  7171 | D:7      | Found a staircase to the Ecumenical Temple.
  7420 | D:8      | Reached skill level 5 in Dodging
  7545 | D:8      | Reached XP level 9. HP: 47/50 MP: 0/20
  7957 | D:8      | Reached * piety under Vehumet
  7957 | D:8      | Offered knowledge of Foxfire by Vehumet.
  8238 | D:8      | Reached skill level 6 in Dodging
  8238 | D:8      | Reached skill level 5 in Evocations
  8562 | D:9      | Noticed Prince Ribbit
  8565 | D:9      | Killed Prince Ribbit
  8607 | D:9      | Noticed a manticore
  8619 | D:9      | Killed a manticore
  8620 | D:9      | Reached skill level 7 in Dodging
  8829 | D:9      | Noticed a boulder beetle
  8835 | D:9      | Noticed a cyclops
  8836 | D:9      | Noticed a troll
  8840 | D:9      | Noticed a kobold demonologist
  8840 | D:9      | Noticed a kobold demonologist
  9037 | D:10     | Entered Level 10 of the Dungeon
  9577 | D:10     | Noticed a troll
  9584 | D:10     | Killed a troll
  9585 | D:10     | Reached skill level 5 in Fighting
  9589 | D:10     | Reached skill level 8 in Dodging
  9589 | D:10     | Reached XP level 10. HP: 59/59 MP: 0/21
  9750 | D:10     | Found a staircase to the Orcish Mines.
  9761 | D:10     | Identified the +5 hunting sling of the Hero {freeze, Will+
                  | Dex+6}
  9811 | D:10     | Noticed a cyclops
 10144 | D:11     | Noticed a two-headed ogre
 10151 | D:11     | Killed a two-headed ogre
 10359 | D:11     | Noticed a skeletal warrior
 10362 | D:10     | Offered knowledge of Shock by Vehumet.
 10435 | D:12     | Noticed an orc knight
 10435 | D:12     | Noticed a centaur warrior
 10435 | D:12     | Noticed an ogre mage
 10435 | D:12     | Noticed an orc knight
 10435 | D:12     | Noticed a manticore
 10435 | D:12     | Noticed a centaur warrior
 10435 | D:12     | Noticed a two-headed ogre
 10437 | D:12     | Noticed a centaur warrior
 10448 | D:11     | Noticed a two-headed ogre
 10448 | D:11     | HP: 3/60 [acid dragon/splash of acid (19)]
 10644 | D:10     | Reached ** piety under Vehumet
 10786 | D:10     | Noticed a death knight
 10814 | D:11     | Reached skill level 9 in Dodging
 10928 | D:12     | Shot with an arrow by a centaur warrior

Illustrated notes

Levels and vault maps discovered:
D:1:      sevenhm_arrival_forest_fort_small_3, layout_loops_cross,
          shapermc_ecumenical_altar_acropolis, minmay_misc_feat_nine_boxes,
          minmay_tromino_v4_a
D:2:      layout_rooms
D:3:      layout_loops_corners, ebering_ghost_sewer_f
D:4:      layout_rooms, gup_sewer_entry_pipe, amcnicky_mini_pool_small
D:5:      layout_gridville, ebering_ghost_reflecting_pool
D:6:      layout_loops_corners, vehumet_altar_wand_db, serial_shops,
          nicolae_diamond_shop, uniq_maggie
D:7:      layout_basic, minmay_temple_entry_large_hall,
          gammafunk_ghost_necromancy, uniq_harold
D:8:      layout_cave_pools, serial_rivers, chequers_serial_rivers_large_b,
          chequers_serial_rivers_small_b, chequers_serial_rivers_large_a,
          chequers_serial_rivers_room_b, chequers_serial_rivers_micro_e,
          chequers_serial_rivers_marsh, minmay_holes,
          minmay_misc_feat_four_crosses
D:9:      layout_basic, grunt_lair_entry_orc_guard_hut, kennysheep_dice,
          uniq_erica, uniq_prince_ribbit1
D:10:     minmay_general_purpose_star, layout_long_grid, lemuel_flame_loot_1
D:11:     layout_big_octagon, gauntlet_entry_generic
D:12:     minmay_ambush_box, layout_basic

Skill      XL: |  1  2  3  4  5  6  7  8  9 10 |
---------------+-------------------------------+-----
Spellcasting   | 4 5 6 7 |  7.4
Conjurations   | 5 6 7 |  7.2
Hexes          | 2 3 4 5 |  5.5
Translocations | 2 3 |  3.5
Evocations     | 4 6 8 |  8.0
Fighting       | 3 5 6 |  6.0
Dodging        | 5 8 9 |  9.2
Stealth        | |  2.4

Action                   |  1- 3 |  4- 6 |  7- 9 | 10-12 || total
-------------------------+-------+-------+-------+-------++-------
Melee: Falchion          |       |       |    11 |       ||    11
 Cast: Magic Dart        |    61 |    90 |    62 |    11 ||   224
       Searing Ray       |     7 |    37 |    24 |     4 ||    72
       Fulminant Prism   |       |     4 |    39 |    12 ||    55
       Iskenderun's Myst |       |       |    17 |    15 ||    32
       Dazzling Flash    |       |       |     2 |       ||     2
Evoke: Wand              |       |       |     8 |     9 ||    17
  Use: Scroll            |       |     9 |     8 |     7 ||    24
       Potion            |       |     1 |     2 |     4 ||     7
Armor: Robe              |       |     1 |     1 |       ||     2
       Steam dragon scal |       |       |     4 |     6 ||    10
Dodge: Dodged            |       |    10 |    51 |    22 ||    83
